 Dungeon Crawl Stone Soup version 0.28-a0-983-g1de4e0787c (webtiles) character file.

Game seed: 1376684205265093727

263 cheechan the Gusty (level 6, -7/51 HPs)
             Began as a Naga Air Elementalist on Dec 2, 2021.
             Mangled by an orc warrior (13 damage)
             ... on level 4 of the Dungeon.
             The game lasted 00:14:08 (2895 turns).

cheechan the Gusty (Naga Air Elementalist)          Turns: 2895, Time: 00:14:08

Health: -7/51      AC:  9    Str: 10    XL:     6   Next: 19%
Magic:  0/10       EV: 10    Int: 18    God:
Gold:   100        SH:  0    Dex: 11    Spells: 7/11 levels left

rFire   + . .      SeeInvis +   e - +3 short sword (chaos)
rCold   + . .      Faith    +   (no shield)
rNeg    . . .      Spirit   .   a - +2 robe
rPois   +          Reflect  .   (no helmet)
rElec   .          Harm     .   m - scarf {rC+ rF+}
rCorr   .          Rampage  .   (no gloves)
Will    .....                   (no barding)
Stlth   ++........              l - amulet of faith
HPRegen 0.17/turn               d - +4 ring of protection
MPRegen 0.12/turn               (no ring)

@: short of breath, very slow
A: AC +2, large, see invisible, deformed body, poison resistance, slowness 2,
spit poison 1, naga tail 1
a: Spit Poison


You were on level 4 of the Dungeon.
You visited 1 branch of the dungeon, and saw 4 of its levels.

You collected 100 gold pieces.

Inventory:

Hand Weapons
 e - a +3 short sword of chaos (weapon)
Missiles
 b - 33 sling bullets
 g - 44 stones
 j - 19 bolts
 n - 31 arrows
 p - 3 silver boomerangs
Armour
 a - a +2 robe (worn)
 i - a +5 chain mail
 m - a scarf of resistance (worn)
Magical Staves
 h - a staff of cold
Jewellery
 d - a +4 ring of protection (left hand)
 l - an amulet of faith (around neck)
Scrolls
 o - a scroll of amnesia
Potions
 c - a potion of mutation {unknown}
 f - a potion of curing {unknown}


   Skills:
 + Level 1.1 Fighting
 + Level 1.6 Short Blades
 + Level 0.3 Maces & Flails
 + Level 1.0 Armour
 + Level 2.1 Dodging
 + Level 3.8 Stealth
 * Level 3.1 Spellcasting
 + Level 1.8 Conjurations
 + Level 4.3 Air Magic


You had 7 spell levels left.
You knew the following spells:

 Your Spells              Type           Power      Damage    Failure   Level
a - Shock                 Conj/Air       52%        1d6       4%          1
b - Static Discharge      Conj/Air       13%        N/A       7%          2
c - Summon Small Mammal   Summ           8%         N/A       16%         1

Your spell library contained the following spells:

 Spells                   Type           Power      Damage    Failure   Level
 Swiftness                Air            18%        N/A       9%          3
 Animate Skeleton         Necr           4%         N/A       16%         1
 Apportation              Tloc           4%         N/A       16%         1
 Airstrike                Air            9%         N/A       26%         4


Dungeon Overview and Level Annotations

Branches:
Dungeon (4/15)
 Temple: D:4-7

Altars:
Gozag
Hepliaklqana

Shops:
D:1 (*(


Innate Abilities, Weirdness & Mutations

Your serpentine skin is tough. (AC +2)
You have supernaturally acute eyesight. (SInv)
Armour fits poorly on your strangely shaped body.
Your system is resistant to poisons. (rPois)
You cover ground very slowly.
You can spit poison.
You have a snake-like lower body.


Message History

The orc wizard hits you but does no damage.
The orc warrior hits you with a +0 scimitar!
Okay, then.
Okay, then.
Okay, then.
Okay, then.
You hit the orc wizard.
The orc wizard is severely wounded.
The orc wizard hits you but does no damage.
The hound bites you but does no damage.
The orc warrior hits you with a +0 scimitar!
* * * LOW HITPOINT WARNING * * *
You feel much better.
You have got your breath back.
The hound closely misses you. The orc wizard closely misses you.
The orc warrior barely misses you.
Abil: Spit Poison
Press: ? - help, Q - select action, (/) - cycle Shift-Dir - straight line, f/p - orc warrior
Aim: an orc warrior, wielding a +0 scimitar and wearing a +0 chain mail (lightly wounded)
The splash of poison hits the orc warrior but does no damage.
The orc warrior is poisoned.
The orc warrior is lightly wounded.
The hound bites you. The orc wizard barely misses you.
The hound barely misses you.
The orc warrior hits you with a +0 scimitar!!
* * * LOW HITPOINT WARNING * * *
The hound barely misses you.
Your magical contamination has completely faded away.
The hound closely misses you.
Casting: Shock (safe; 4% risk of failure)
Confirm with . or Enter, or press ? or * to list all spells.
Aiming: Shock (safe; 4% risk of failure)
Press: ? - help, Shift-Dir - straight line, p - orc warrior The zap hits the hound.
The hound is moderately wounded.
The zap hits the orc wizard but does no damage.
The orc wizard is severely wounded.
The hound bites you but does no damage.
The orc warrior hits you with a +0 scimitar!
You die...

##### #....######
##.##......#
##...###.##.#
####..≈..##.##.###
#....≈≈≈....#.....
#..#..≈..#..######
#..##...###.######
#@..##.## #.......
#ho....# #.......
#o.....# #.######
#)..o......# #..
....###......# ###
.# .........
...#...## ####
.....#.... ...
..##. .### .###.#.


You could see an orc warrior (poisoned), a hound, an orc wizard (invisible) and
an orc.

Vanquished Creatures
  2 hounds
  An orc priest (D:4)
  An iguana (D:3)
  2 orc wizards (D:4)
  3 adders (D:2)
  A worm (D:3)
  7 orcs
  10 ball pythons
  5 bats
  6 endoplasms
  3 giant cockroaches
  5 hobgoblins
  2 jackals (D:3)
  3 quokkas
  2 frilled lizards (D:3)
  5 goblins
  6 kobolds
  4 rats
68 creatures vanquished.

Vanquished Creatures (others)
  2 fungi (D:1)
  3 plants (D:1)
5 creatures vanquished.

Grand Total: 73 creatures vanquished

Notes
Turn   | Place    | Note
-------+----------+-------------------------------------------
     0 | D:1      | cheechan the Naga Air Elementalist began the quest for the
                  | Orb.
     0 | D:1      | Reached XP level 1. HP: 15/15 MP: 3/3
   189 | D:1      | Reached XP level 2. HP: 22/22 MP: 1/5
   237 | D:1      | Found a faded altar of an unknown god.
   474 | D:1      | Found Xolus's Antique Weapon Shop.
   688 | D:2      | Reached XP level 3. HP: 22/28 MP: 0/6
   778 | D:1      | Found Lasierch's General Store.
   797 | D:1      | Found Qifackag's Weapon Shop.
  1190 | D:2      | Reached XP level 4. HP: 37/37 MP: 3/7
  1220 | D:2      | Reached skill level 4 in Air Magic
  1572 | D:3      | Reached skill level 1 in Short Blades
  1572 | D:3      | Reached skill level 1 in Armour
  1572 | D:3      | Reached XP level 5. HP: 42/43 MP: 6/8
  1651 | D:3      | Reached skill level 1 in Fighting
  2012 | D:3      | Learned a level 2 spell: Static Discharge
  2014 | D:3      | Learned a level 1 spell: Summon Small Mammal
  2033 | D:3      | Found a hazy altar of Hepliaklqana.
  2336 | D:3      | Found an opulent altar of Gozag.
  2815 | D:4      | Reached XP level 6. HP: 44/51 MP: 0/10
  2878 | D:4      | Noticed an orc warrior
  2895 | D:4      | Mangled by an orc warrior

Illustrated notes

Levels and vault maps discovered:
D:1:      eino_arrival_water_cross, layout_rooms,
          shapermc_ecumenical_altar_ellora, serial_shops,
          nicolae_shop_behind_doors, shop, nicolae_shop_waterfront
D:2:      layout_rooms
D:3:      layout_basic, nicolae_gozag_seed_capital,
          mainiacjoe_overflow_alcove_1, minmay_fractal_squares_gapless_5
D:4:      nicolae_cairo_tiling_large, layout_basic, kennysheep_little_box,
          amcnicky_mini_pool_small

Skill      XL: |  1  2  3  4  5 |
---------------+----------------+-----
Air Magic      | 4 |  4.3
Short Blades   | 1 |  1.6
Armour         | 1 |  1.0
Fighting       | 1 |  1.1
Dodging        | 2 |  2.1
Spellcasting   | 3 |  3.1
Maces & Flails | |  0.3
Stealth        | |  3.8
Conjurations   | |  1.8

Action                   |  1- 3 |  4- 6 || total
-------------------------+-------+-------++-------
Melee: Unarmed           |     3 |       ||     3
       Club              |    28 |       ||    28
       Short sword       |    38 |    58 ||    96
 Cast: Shock             |    26 |    61 ||    87
 Abil: Spit Poison       |     6 |     5 ||    11
  Use: Scroll            |     5 |     5 ||    10
       Potion            |     2 |     2 ||     4
 Stab: Distracted        |     1 |       ||     1
       Sleeping          |       |     1 ||     1
Armor: Robe              |    24 |    54 ||    78
       Chain mail        |    53 |       ||    53
Dodge: Dodged            |    39 |    82 ||   121

Table legend: (Time is in decaauts)
 A = Elapsed time spent in this place.
 B = Non-inter-level travel time spent in this place.
 C = Inter-level travel time spent in this place.
 D = Time resting spent in this place.
 E = Time spent auto-exploring this place.
 F = Levels seen in this place.
 G = Mean time per level.
                   A        B        C        D        E       F      G
               +--------+--------+--------+--------+--------+-----+--------+
         Total |   3813 |   3813 |      0 |    273 |      0 |   4 |  953.2 |
       Dungeon |   3813 |   3813 |      0 |    273 |      0 |   4 |  953.2 |
               +--------+--------+--------+--------+--------+-----+--------+

Top non-repeatable levels by time:
     D:3: 1678 daAuts
     D:1: 991 daAuts
     D:2: 937 daAuts
     D:4: 205 daAuts
